 Dungeon Crawl Stone Soup version 0.23.2 (webtiles) character file.

Game seed: 2222423549801957696

12668 Gingko the Basher (level 11, -1/60 HPs)
             Began as a Gargoyle Fighter on Apr 6, 2019.
             Was an Elder of Okawaru.
             Killed by divine providence
             ... invoked by an orc priest
              (14 damage)
             ... on level 11 of the Dungeon.
             The game lasted 00:59:08 (13344 turns).

Gingko the Basher (Gargoyle Fighter)               Turns: 13344, Time: 00:59:09

Health: -1/60      AC: 14    Str: 22    XL:     11   Next: 97%
Magic:  16/17      EV:  6    Int: 10    God:    Okawaru [****..]
Gold:   687        SH: 11    Dex:  9    Spells: 10/10 levels left

rFire    . . .     SeeInvis +   i - +1 whip (venom)
rCold    . . .     Gourm    .   c - +0 shield
rNeg     + . .     Faith    .   K - +0 plate armour
rPois    ∞         Spirit   .   O - +0 helmet
rElec    +         Reflect  .   L - +0 cloak
rCorr    .         Harm     .   (no gloves)
MR       .....                  Q - +1 pair of boots
Stlth    ..........             (no amulet)
HPRegen  0.20/turn              S - ring of see invisible
MPRegen  0.15/turn              w - +1 ring of evasion

@: corroded
A: negative energy resistance 1, electricity resistance, unbreathing,
petrification resistance, rot immunity, AC +8
a: Heroism, Renounce Religion


You were on level 11 of the Dungeon.
You worshipped Okawaru.
Okawaru was greatly pleased with you.
You were hungry.

You visited 3 branches of the dungeon, and saw 13 of its levels.
You also visited: Sewer.

You collected 687 gold pieces.

Inventory:

Hand Weapons
 a - a +0 flail
 i - a +1 whip of venom (weapon)
 C - a +0 blowgun
 F - a +5 flail of protection
Missiles
 e - 210 arrows
 m - 400 stones (quivered)
 D - 75 poisoned needles
 M - 20 tomahawks
 R - 8 needles of confusion
Armour
 b - a +0 scale mail
 c - a +0 shield (worn)
 K - a +0 plate armour (worn)
 L - a +0 cloak (worn)
 O - a +0 helmet (worn)
 Q - a +1 pair of boots (worn)
Jewellery
 u - a +4 ring of intelligence
 w - a +1 ring of evasion (right hand)
 G - an uncursed ring of positive energy
 S - a ring of see invisible (left hand)
Wands
 v - a wand of polymorph (6)
 y - a wand of digging (6)
 z - a wand of scattershot (3)
Scrolls
 d - a scroll of summoning {unknown}
 h - 2 scrolls of amnesia
 k - 2 scrolls of enchant weapon
 l - a scroll of fog
 n - 2 scrolls of magic mapping {unknown}
 q - a scroll of brand weapon {unknown}
 t - 2 scrolls of immolation {unknown}
 B - a scroll of fear {unknown}
 E - a scroll of acquirement {unknown}
 H - 2 scrolls of enchant armour
 P - a scroll of blinking {unknown}
 T - a scroll of identify
Potions
 j - a potion of heal wounds
 o - a potion of lignification {unknown}
 p - a potion of flight {unknown}
 r - a potion of cancellation {unknown}
 s - 4 potions of curing
 x - 3 potions of brilliance
 A - a potion of magic {unknown}
 I - 2 potions of resistance
 J - a potion of haste {unknown}
Miscellaneous
 g - a phial of floods
Comestibles
 f - 25 rations
 N - 4 chunks of flesh


   Skills:
 - Level 3.4 Fighting
 - Level 12.0 Maces & Flails
 + Level 4.9 Throwing
 - Level 8.0 Armour
 - Level 3.1 Stealth
 - Level 8.0 Shields
 - Level 8.0 Invocations
 + Level 4.9 Evocations


You had 10 spell levels left.
You didn't know any spells.
Your spell library contained the following spells:

 Spells                   Type           Power        Failure   Level  Hunger
 Flame Tongue             Conj/Fire      #....        100%        1    ##.....
 Freeze                   Ice            #...         100%        1    ##.....
 Throw Flame              Conj/Fire      #.....       100%        2    ###....
 Throw Frost              Conj/Ice       #.....       100%        2    ###....
 Conjure Flame            Conj/Fire      #.......     100%        3    ####...
 Inner Flame              Hex/Fire       #.......     100%        3    ####...
 Ozocubu's Armour         Chrm/Ice       #.......     100%        3    ####...
 Sticky Flame             Conj/Fire      #.......     100%        4    #####..
 Summon Ice Beast         Ice/Summ       #.......     100%        4    #####..
 Throw Icicle             Conj/Ice       #.......     100%        4    #####..
 Fireball                 Conj/Fire      #.........   100%        5    ######.


Dungeon Overview and Level Annotations

Branches:
Dungeon (11/15)            Temple (1/1) D:7            Lair (1/6) D:8
    Orc (0/2) D:10

Altars:
Ashenzari
Cheibriados
Dithmenos
Elyvilon
Fedhas
Gozag
Hepliaklqana
Kikubaaqudgha
Makhleb
Nemelex Xobeh
Okawaru
Qazlal
Ru
Sif Muna
Trog
Uskayaw
Vehumet
Wu Jian
Xom
Yredelemnul
Zin
The Shining One

Shops:
D:5 [

Annotations:
D:8 exclusion: 2 oklob plants
D:9 Gastronok


Innate Abilities, Weirdness & Mutations

You are resistant to torment.
Your stone body is resilient. (AC +8)
You are immune to poison.
You resist negative energy. (rN+)
You are resistant to electric shocks. (rElec)
You can survive without breathing.
You are immune to petrification.
You are immune to rotting.


Message History

The orc warrior looks as sick as possible!
The orc warrior is moderately wounded.
The orc warrior hits you from afar with a +0 trident!
* * * LOW HITPOINT WARNING * * *
You block the orc warrior's attack.
You hit the orc warrior but do no damage.
The orc warrior looks as sick as possible!
The orc warrior is heavily wounded.
The orc warrior hits you but does no damage.
You hit the orc warrior but do no damage.
The orc warrior looks as sick as possible!
The orc warrior is heavily wounded.
The orc warrior hits you but does no damage.
You block the orc warrior's attack.
Your shield and plate armour prevent you from hitting the orc warrior.
The orc warrior is heavily wounded.
You block the orc warrior's attack.
The orc priest calls down the wrath of Beogh upon you.
Beogh smites you!
You die...

#######...........# #.........#
.....##...........###.........#
......#...........'.#.........###
..>...#...o.......#.#...........#
.)...........o....#.#.........#..
.....##.........o.#.#.........###
.....##....o...ooo#.#.........#
################o##...........# #
#######@####.........# #
#.......# ##.######## #.#######
#.......# ### #.# #######'### ..#
#.# ###.......# ..# ##.#######
##.'.......## ..# #........#
##..#..).[..#. ..# #........#
#..##.......#. ..#######........#
#.###.......#.


You could see 4 orc warriors, an orc priest and an orc.

Vanquished Creatures
  Erolcha (D:11)
  A hydra (D:11)
  An unseen horror (D:10)
  A cyclops (D:11)
  A manticore (D:11)
  2 centaur skeletons
  A queen bee (D:10)
  A hornet (D:10)
  5 hippogriffs
  A wyvern (D:9)
  Eustachio (D:4)
  A hungry ghost (D:11)
  Edmund (D:5)
  2 water moccasins
  6 orc warriors
  A porcupine (Lair:1)
  2 sky beasts
  A necrophage (D:10)
  An eye of draining (D:10)
  2 ice beasts
  3 ogres
  4 centaurs
  A crocodile (D:11)
  A big kobold (D:11)
  A wyvern zombie (D:7)
  8 bullfrogs
  A gnoll sergeant (D:10)
  A wyvern skeleton (D:8)
  4 scorpions
  32 killer bees
  15 wights
  2 howler monkeys
  11 crimson imps
  3 bullfrog zombies
  3 centaur zombies
  4 hounds
  2 quasits
  3 jellies
  8 orc wizards
  9 orc priests
  Jessica (D:6)
  Ijyb (D:4)
  4 iguanas
  8 worker ants
  2 hound skeletons
  5 gnolls
  12 adders
  2 river rats (D:4)
  3 shadow imps
  An adder zombie (D:8)
  An ooze (D:2)
  3 adder skeletons
  3 worms
  2 dart slugs
  5 leopard geckos
  37 orcs
  10 ball pythons
  6 giant cockroaches
  5 goblins
  11 hobgoblins
  18 jackals
  17 kobolds
  2 quokkas
  9 bats
  7 frilled lizards
  A jackal zombie (D:8)
  7 rats (D:1)
  2 plants (Sewer)
334 creatures vanquished.

Notes
Turn   | Place    | Note
-------+----------+-------------------------------------------
     0 | D:1      | Gingko the Gargoyle Fighter began the quest for the Orb.
     0 | D:1      | Reached XP level 1. HP: 14/14 MP: 1/1
    84 | D:1      | Reached XP level 2. HP: 19/19 MP: 2/2
   828 | D:1      | Reached XP level 3. HP: 23/23 MP: 3/3
  1347 | D:2      | Reached skill level 3 in Maces & Flails
  1347 | D:2      | Reached XP level 4. HP: 21/28 MP: 4/4
  2156 | D:3      | Reached XP level 5. HP: 32/32 MP: 5/5
  2586 | D:3      | Reached skill level 4 in Maces & Flails
  2586 | D:3      | Reached skill level 5 in Shields
  2729 | D:4      | Noticed Eustachio
  2743 | D:4      | Killed Eustachio
  2743 | D:4      | Reached XP level 6. HP: 34/37 MP: 6/6
  2880 | D:4      | Reached skill level 5 in Maces & Flails
  2995 | D:4      | Reached XP level 7. HP: 41/41 MP: 7/7
  2996 | D:4      | Found a glowing drain.
  3073 | Sewer    | Entered a sewer
  4049 | D:4      | Reached skill level 6 in Maces & Flails
  4049 | D:4      | Reached skill level 5 in Armour
  4142 | D:4      | Found a blossoming altar of Fedhas.
  4462 | D:4      | Noticed Ijyb
  4473 | D:4      | Killed Ijyb
  4473 | D:4      | Reached skill level 1 in Stealth
  4701 | D:5      | Entered Level 5 of the Dungeon
  4904 | D:5      | Reached XP level 8. HP: 24/46 MP: 8/8
  5264 | D:5      | Noticed Edmund
  5290 | D:5      | Killed Edmund
  5290 | D:5      | Reached skill level 7 in Maces & Flails
  5390 | D:5      | Found Zagh's Armour Emporium.
  6225 | D:6      | Reached skill level 8 in Maces & Flails
  6414 | D:6      | Found a glowing silver altar of Zin.
  6416 | D:6      | Found a glowing golden altar of the Shining One.
  6416 | D:6      | Found a shadowy altar of Dithmenos.
  6418 | D:6      | Found an iron altar of Okawaru.
  6419 | D:6      | Found a snail-covered altar of Cheibriados.
  6419 | D:6      | Found a shimmering altar of Xom.
  6455 | D:6      | Became a worshipper of Warmaster Okawaru
  6600 | D:6      | Reached XP level 9. HP: 51/51 MP: 9/9
  6654 | D:6      | Noticed Jessica
  6665 | D:6      | Killed Jessica
  6666 | D:6      | Found a deep blue altar of Sif Muna.
  6865 | D:7      | Reached skill level 1 in Invocations
  6935 | D:7      | Found a staircase to the Ecumenical Temple.
  7005 | Temple   | Entered the Ecumenical Temple
  7141 | D:7      | Found an opulent altar of Gozag.
  7581 | D:7      | Reached skill level 9 in Maces & Flails
  7925 | D:7      | Reached * piety under Okawaru
  8049 | D:7      | Reached skill level 5 in Invocations
  8386 | D:8      | Found a blossoming altar of Fedhas.
  8389 | D:8      | Noticed an oklob plant
  8389 | D:8      | Noticed an oklob plant
  8436 | D:8      | Found a staircase to the Lair.
  8449 | D:8      | Reached skill level 10 in Maces & Flails
  8487 | D:8      | Found a sparkling altar of Nemelex Xobeh.
  8854 | D:9      | Reached XP level 10. HP: 50/56 MP: 14/14
  8930 | D:9      | Reached ** piety under Okawaru
  9122 | D:9      | Noticed Gastronok
  9199 | Lair:1   | Entered Level 1 of the Lair of Beasts
  9567 | D:9      | HP: 2/56 [Gastronok/the air (40)]
  9591 | D:10     | Entered Level 10 of the Dungeon
 10133 | D:10     | Reached skill level 11 in Maces & Flails
 10267 | D:10     | Found a staircase to the Orcish Mines.
 10947 | D:10     | Reached *** piety under Okawaru
 11093 | D:10     | Reached skill level 12 in Maces & Flails
 11313 | D:10     | Reached XP level 11. HP: 35/60 MP: 15/17
 11316 | D:10     | Reached **** piety under Okawaru
 11771 | D:10     | Noticed an unseen horror
 11794 | D:10     | Killed an unseen horror
 12346 | D:11     | Reached skill level 1 in Throwing
 12346 | D:11     | Reached skill level 1 in Evocations
 12466 | D:11     | Received a gift from Okawaru
 12609 | D:11     | Noticed a four-headed hydra
 12619 | D:11     | Killed a four-headed hydra
 12821 | D:11     | Noticed a manticore
 12843 | D:11     | Killed a manticore
 12968 | D:11     | Noticed a cyclops
 12988 | D:11     | Killed a cyclops
 13119 | D:11     | Noticed Erolcha
 13149 | D:11     | Killed Erolcha
 13149 | D:11     | Reached ***** piety under Okawaru
 13344 | D:11     | Killed from afar by an orc priest

Skill      XL: |  1  2  3  4  5  6  7  8  9 10 11 |
---------------+----------------------------------+-----
Shields        | 4 5 6 8 |  8.0
Maces & Flails | 3 4 5 6 8 10 12 | 12.0
Armour         | 5 6 8 |  8.0
Stealth        | 2 3 |  3.1
Invocations    | 6 8 |  8.0
Throwing       | 4 |  4.9
Evocations     | 4 |  4.9
Fighting       | |  3.4

Action                   |  1- 3 |  4- 6 |  7- 9 | 10-12 || total
-------------------------+-------+-------+-------+-------++-------
Melee: Flail             |    41 |       |       |       ||    41
       Whip              |    78 |   180 |   608 |  1179 ||  2045
       Unarmed           |       |       |     5 |       ||     5
 Fire: Blowgun           |       |       |     4 |       ||     4
Throw: Tomahawk          |       |       |       |    15 ||    15
Invok: Heroism           |       |       |       |    22 ||    22
       Finesse           |       |       |       |     1 ||     1
  Use: Potion            |       |     2 |     1 |     5 ||     8
       Scroll            |       |       |     7 |     7 ||    14
 Stab: Invisible         |       |       |       |    10 ||    10
  Eat: Chunk             |     1 |     6 |    19 |    14 ||    40
       Ration            |       |       |       |     1 ||     1
Armor: Scale mail        |    79 |    67 |    70 |       ||   216
       Plate armour      |       |       |   190 |   501 ||   691
Dodge: Dodged            |    29 |    44 |   111 |   254 ||   438
Block: Shield            |    57 |    90 |   248 |   601 ||   996
